Map: Solaris LE

Players

SubN - Winner!

  • Race: Zerg Zerg
  • League: Diamond
  • Spawn Location: 7:00

BConnoisseur

  • Race: Terran Terran
  • League: Diamond
  • Spawn Location: 1:00

VOD

Have the link to the VOD?

Description

Time

  • Played on: Dec. 29, 2023, 2:51 p.m.
  • Length: 11:45
Show
View Real Time Build Order
Export as new Build Order

SubN Zerg - Winner!

Build Orders: Pool First 

Get SALT Encoding   

  12  0:00  Drone  
  13  0:12  Overlord  
  13  0:16  Drone  
  14  0:30  Drone x2  
  16  0:36  Drone  
  17  0:44  Extractor  
  17  0:45  Drone  
  17  0:51  Spawning Pool  
  17  0:56  Drone  
  17  1:06  Drone  
  18  1:18  Hatchery  
  18  1:23  Drone  
  18  1:31  Drone  
  19  1:37  Queen  
  21  1:41  Zergling x2  
  22  1:50  Overlord  
  22  1:55  Metabolic Boost  
  22  2:09  Zergling x2  
  23  2:18  Queen  
  25  2:30  Drone x2  
  26  2:37  Hatchery  
  25  2:45  Queen  
  27  2:54  Pneumatized Carapace  
  27  2:56  Drone  
  28  3:05  Drone x3  
  31  3:07  Drone  
  31  3:11  Overlord  
  32  3:33  Drone x8  
  40  3:39  Zergling x2  
  41  3:48  Drone x2  
  43  3:51  Queen  
  44  3:58  Drone x4  
  44  3:59  Drone  
  44  4:02  Extractor  
  48  4:12  Drone  
  48  4:13  Drone  
  48  4:14  Baneling Nest, Drone  
  48  4:15  Overlord x3  
  50  4:28  Extractor  
  50  4:29  Drone  
  50  4:30  Overlord x2  
  50  4:33  Extractor  
  50  4:35  Drone x3  
  50  4:36  Drone  
  53  4:39  Drone  
  53  4:42  Drone x4  
  53  4:43  Drone  
  59  4:51  Lair  
  59  4:53  Zergling x6  
  59  4:56  Queen  
  64  5:00  Overlord  
  64  5:08  Zergling x2  
  64  5:09  Zergling x10  
  70  5:15  Drone x4  
  74  5:24  Baneling  
  74  5:25  Baneling x7  
  74  5:32  Hatchery, Overlord  
  74  5:34  Overlord  
  73  5:37  Overlord  
  73  5:42  Drone x2  
  75  5:47  Evolution Chamber  
  75  5:48  Evolution Chamber  
  75  5:49  Queen  
  75  5:52  Centrifugal Hooks  
  75  5:54  Drone x3  
  75  5:56  Drone  
  79  5:57  Drone  
  79  6:01  Drone  
  81  6:08  Drone x3, Spire  
  81  6:09  Drone  
  81  6:11  Drone x2  
  86  6:15  Extractor x2  
  86  6:17  Baneling x6  
  84  6:24  Zerg Melee Weapons Level 1, Zerg Ground Armor Level 1  
  84  6:32  Drone x3  
  87  6:33  Drone  
  88  6:41  Drone  
  89  6:47  Spore Crawler  
  89  6:53  Zergling x24  
  89  6:54  Zergling x4  
  102  6:59  Queen  
  102  7:00  Overlord x3  
  102  7:01  Overlord  
  104  7:06  Overlord  
  104  7:07  Overlord x2  
  104  7:10  Overseer  
  104  7:12  Overseer  
  104  7:13  Overseer  
  104  7:24  Overseer x2  
  104  7:25  Mutalisk x7  
  118  7:31  Overlord  
  118  7:39  Zerg Flyer Weapons Level 1  
  114  7:53  Mutalisk x3  
  114  7:54  Mutalisk  
  122  8:00  Overlord  
  122  8:01  Overlord x3  
  122  8:08  Drone x11  
  133  8:24  Mutalisk x5  
  143  8:27  Extractor x2  
  139  8:34  Zerg Melee Weapons Level 2  
  139  8:39  Drone  
  140  8:48  Drone x2, Infestation Pit  
  139  8:49  Drone x4  
  139  8:54  Zergling x2  
  139  8:55  Zergling x14, Hydralisk Den  
  138  9:11  Drone  
  138  9:12  Spore Crawler  
  138  9:15  Zerg Ground Armor Level 2  
  138  9:27  Hive  
  138  9:29  Burrow, Muscular Augments  
  138  9:35  Zergling x8  
  138  9:36  Zergling x14  
  138  9:38  Hatchery  
  148  9:41  Zergling x2  
  148  9:42  Zergling x18  
  158  9:47  Baneling x14  
  127  10:15  Zergling x2  
  127  10:16  Zergling x40  
  147  10:30  Zergling x2  
  147  10:31  Zergling x18  
  147  10:33  Grooved Spines  
  157  10:43  Ultralisk Cavern  
  156  10:53  Baneling  
  156  10:54  Baneling x28  
  156  10:55  Zergling x2, Baneling x2  
  156  10:56  Zergling x24  
  169  10:57  Overlord  
  169  10:59  Overseer  
  169  11:00  Queen  
  169  11:03  Drone x6  
Show
View Real Time Build Order
Export as new Build Order

BConnoisseur Terran 

Build Orders:  

Get SALT Encoding   

  12  0:00  SCV  
  13  0:12  SCV  
  14  0:17  Supply Depot  
  14  0:24  SCV  
  15  0:38  SCV  
  15  0:40  Barracks  
  16  0:45  Refinery  
  16  0:50  SCV  
  17  1:02  SCV  
  18  1:15  SCV  
  19  1:27  Orbital Command  
  19  1:30  Barracks Reactor  
  19  1:45  Command Center  
  19  1:52  Supply Depot  
  19  1:56  SCV  
  20  2:06  Marine x2  
  22  2:08  SCV  
  23  2:18  Bunker  
  23  2:22  SCV  
  24  2:24  Marine x2  
  26  2:36  SCV  
  27  2:39  Factory  
  27  2:42  Barracks  
  27  2:50  Marine x2  
  29  2:52  SCV  
  29  2:57  Refinery  
  30  3:04  Orbital Command  
  30  3:09  SCV  
  31  3:21  SCV  
  31  3:23  Marine x2  
  34  3:28  Factory Tech Lab  
  34  3:31  SCV  
  34  3:33  SCV  
  36  3:35  Refinery  
  36  3:36  Barracks Tech Lab  
  36  3:43  SCV  
  36  3:45  SCV  
  36  3:46  Siege Tank  
  41  3:48  Marine  
  41  3:49  Marine  
  41  3:54  Supply Depot  
  43  3:55  SCV  
  43  3:57  SCV  
  45  4:06  Marine x2  
  45  4:08  Combat Shield  
  46  4:15  Marine, SCV x2  
  49  4:17  Supply Depot  
  49  4:22  Siege Tank  
  52  4:24  Marine x2  
  54  4:35  Supply Depot  
  54  4:39  Marine, SCV x2  
  54  4:42  Marine x2  
  54  4:45  Starport  
  59  4:48  Supply Depot  
  59  4:55  Barracks  
  59  4:57  Marine  
  60  5:00  Marine x2  
  62  5:11  Supply Depot  
  62  5:13  Supply Depot  
  62  5:27  Siege Tank  
  62  5:28  Marine x3  
  67  5:29  SCV x2  
  67  5:31  Starport Reactor  
  70  5:37  Engineering Bay  
  70  5:38  Supply Depot  
  70  5:41  SCV x2  
  72  5:46  Marine x2  
  72  5:49  Barracks Reactor  
  74  5:50  Stimpack  
  74  5:54  SCV  
  74  5:55  SCV  
  76  6:04  Supply Depot  
  76  6:06  Supply Depot  
  76  6:07  Supply Depot  
  76  6:19  Medivac x2  
  76  6:20  Siege Tank  
  83  6:26  Marine x5  
  83  6:31  Terran Infantry Weapons Level 1  
  88  6:39  Barracks  
  88  6:44  Marine x4  
  92  6:48  SCV  
  92  6:49  SCV  
  94  6:55  Medivac x2  
  98  7:14  Marine x5  
  103  7:15  Siege Tank  
  106  7:24  Supply Depot  
  106  7:25  Supply Depot  
  106  7:31  Marine x2  
  106  7:32  Marine  
  101  7:56  Viking  
  101  7:57  Viking  
  105  7:59  Marine x6  
  105  8:01  Siege Tank  
  102  8:16  Marine  
  102  8:17  Marine x2  
  105  8:21  Command Center  
  105  8:26  Viking  
  105  8:27  Viking  
  108  8:33  Siege Tank  
  111  8:56  Marauder  
  111  8:57  Barracks Tech Lab  
  111  8:58  Marine x4  
  117  9:06  Viking x2  
  117  9:07  Siege Tank  
  124  9:12  Terran Infantry Armor Level 1  
  124  9:13  Supply Depot  
  124  9:15  Supply Depot  
  124  9:16  Marine x4  
  130  9:17  Marauder  
  130  9:18  Marauder  
  132  9:33  Marine  
  135  9:38  Marauder  
  135  9:39  Marauder  
  137  9:59  Marauder  
  139  10:00  Marauder  
  89  10:22  Marauder  
  81  10:30  Marine x5  
  86  10:37  Medivac x2  
  86  10:39  Siege Tank  
  93  10:42  Marine  
  93  10:48  Marine x5  
  99  10:59  Command Center  
  99  11:00  Marine  
  100  11:05  Marine x2  
  100  11:06  Marine x3  
  100  11:07  Medivac x2  
  109  11:13  Siege Tank  
  112  11:18  Marine  
  112  11:23  Marine x3  
  112  11:24  Marine x2  
Tags
 
Matchup
TvZ
Opening
Pool First
Replay Pack
2025 replay dump
Spawn Locations
Cross Positions
Add a new tag
Caveats
  • Supply blocks, unpowered buildings, or Contaminate may cause inaccurate times.
  • Supply counts are checked every 10 seconds.